AoeStats
← ☆寒星霞芒☆

Arena

510496508Analyzed
1v1 RM · 2d ago on Oct 1, 2026· 16m 10s· 2 players
Game mode
Random Map
Map size
Tiny (2 player)
Population
200
Speed
Normal
Resources
Standard
Victory
Conquest
Starting age
Dark Age
Ending age
Imperial Age
RankedLock teamsTeams togetherTeam positionsShared explorationLock speedFull tech treeHidden civsTurbo modeCheats
Victory
Defeat
🇨🇭 Spanish · Switzerland
1057
+20
🇨🇳 Khitans · China
1151
-20
☆寒星霞芒☆
10:24 Feudal Age
16:00 Castle Age
14:22 Double-Bit Axe
14:45 Domestication
16:25 Forging
heisenberg
11:22 Feudal Age
15:34 Castle Age
14:03 Horse Collar
14:18 Double-Bit Axe
Connection lost

Rejoining the realm…

Still unreachable

The connection could not be restored.

Session expired

The server has moved on; the page needs a fresh start.